AoeStats
← Witchinblack6

Arena

509469262Analyzed
1v1 RM · 5d ago on Sep 26, 2026· 85m 56s· 2 players
Game mode
Random Map
Map size
Tiny (2 player)
Population
200
Speed
Normal
Resources
Standard
Victory
Conquest
Starting age
Dark Age
Ending age
Imperial Age
RankedLock teamsTeams togetherTeam positionsShared explorationLock speedFull tech treeHidden civsTurbo modeCheats
Victory
Defeat
🇺🇸 Slavs · United States
584
+25
🇩🇪 Slavs · Germany
542
-14
sophia
10:00 Loom
11:46 Feudal Age
13:47 Double-Bit Axe
16:08 Castle Age
15:33 Horse Collar
15:47 Gold Mining
15:21 Man-at-Arms
16:25 Scale Mail Armor
16:21 Fletching
16:50 Forging
17:17 Bow Saw
20:02 Squires
22:08 Pikeman
23:08 Town Watch
24:25 Sanctity
23:34 Long Swordsman
25:45 Wheelbarrow
27:34 Hand Cart
27:25 Town Patrol
28:06 Stone Mining
29:27 Redemption
29:22 Atonement
29:26 Detinets
30:52 Gold Shaft Mining
30:52 Fletching
34:21 Imperial Age
31:54 Bodkin Arrow
32:15 Chain Mail Armor
33:43 Padded Archer Armor
34:21 Iron Casting
33:53 Scale Barding Armor
34:31 Coinage
34:01 Caravan
34:03 Padded Archer Armor
35:10 Druzhina
35:31 Conscription
35:47 Hoardings
34:44 Sappers
36:27 Two-Man Saw
35:32 Heavy Plow
35:12 Two-Handed Swordsman
36:07 Champion
37:50 Blast Furnace
37:42 Plate Mail Armor
37:30 Masonry
37:41 Ballistics
38:43 Chemistry
38:05 Ballistics
37:28 Capped Ram
38:26 Block Printing
38:38 Illumination
39:25 Siege Engineers
39:44 Ballistics
39:20 Murder Holes
39:36 Fortified Wall
39:16 Guard Tower
39:43 Leather Archer Armor
41:13 Crop Rotation
40:30 Elite Boyar
40:34 Halberdier
41:46 Ring Archer Armor
41:37 Chain Barding Armor
41:29 Clinker Construction
41:30 Careening
41:17 Herbal Medicine
41:58 Theocracy
41:23 Devotion
44:10 Plate Barding Armor
43:37 Husbandry
43:48 Bloodlines
42:58 Light Cavalry
42:59 Cavalier
43:01 Crossbowman
43:01 Elite Skirmisher
43:08 Siege Ram
44:25 Banking
48:04 Dry Dock
48:05 Carvel Hull
47:08 Heavy Cavalry Archer
48:43 Hussar
48:50 Heavy Scorpion
48:58 Onager
50:00 Faith
54:09 Siege Onager
Witchinblack6
10:47 Feudal Age
11:14 Double-Bit Axe
13:06 Wheelbarrow
20:00 Bloodlines
22:03 Castle Age
22:11 Pikeman
25:42 Forging
26:46 Bloodlines
26:44 Gold Mining
29:52 Iron Casting
33:15 Scale Barding Armor
34:38 Chain Barding Armor
35:44 Scale Mail Armor
40:42 Hand Cart
44:22 Imperial Age
43:22 Ballistics
43:02 Murder Holes
43:18 Masonry
46:46 Chemistry
48:40 Onager
49:01 Cavalier
49:23 Light Cavalry
52:46 Hussar
55:38 Plate Barding Armor
Connection lost

Rejoining the realm…

Still unreachable

The connection could not be restored.

Session expired

The server has moved on; the page needs a fresh start.